 Dungeon Crawl Stone Soup version 0.28-a0-664-gc179e30c89 (webtiles) character file.

Game seed: 13415076249727133255

101689 demibob the Fencer (level 15, -3/137 HPs)
             Began as a Purple Draconian Berserker on Oct 16, 2021.
             Was the Champion of Trog.
             Slain by an eight-headed hydra simulacrum (4 damage)
             ... in an ice cave.
             The game lasted 01:10:00 (34506 turns).

demibob the Fencer (Purple Draconian Berserker)    Turns: 34506, Time: 01:10:01

Health: -3/137     AC: 13    Str: 24    XL:     15   Next: 84%
Magic:  15/15      EV: 27    Int:  9    God:    Trog [******]
Gold:   1178       SH:  0    Dex: 25    Spells: 14/14 levels left

rFire   + + +      SeeInvis .   b - +8 demon blade of Ancient Evil {flame, rC+ Str+4 Dex+2}
rCold   + + +      Faith    +   (no shield)
rNeg    + + .      Spirit   .   (armour unavailable)
rPois   .          Reflect  .   u - +2 hat
rElec   .          Harm     .   M - scarf {rC+ rF+}
rCorr   .          Rampage  +   j - +0 pair of gloves
Will    ++...                   G - +0 pair of boots {Stlth+}
Stlth   ++........              y - amulet of the Thoughtful Youths {Faith Rampage rF++}
HPRegen 0.32/turn               c - ring of protection from cold
MPRegen 0.14/turn               Y - ring of Yhud Tut {Contam rF+ rN++ Dex+8 Stlth-}

@: flying, studying Dodging
A: breathe power, AC +9, unfitting armour, cold-blooded
a: Breathe Dispelling Energy, Renounce Religion, Berserk, Trog's Hand, Brothers
in Arms


You were in an ice cave.
You worshipped Trog.
Trog was exalted by your worship.
You visited 3 branches of the dungeon, and saw 23 of its levels.
You visited 1 bazaar.
You also visited: Bailey, Gauntlet and Ice Cave.

You collected 3772 gold pieces.
You spent 2594 gold pieces at shops.


Innate Abilities, Weirdness & Mutations

You can breathe bolts of dispelling energy.
Your rich purple scales are hard. (AC +9)
You cannot fit into any form of body armour.
You are cold-blooded and may be slowed by cold attacks.


   Skills:
 - Level 13.7 Fighting
 - Level 20.0 Long Blades
 + Level 16.3 Dodging
 - Level 12.2 Evocations


You had 14 spell levels left.
You didn't know any spells.
Your spell library was empty.

Inventory:

Hand Weapons
 a - a +4 antimagic great sword
 b - the +8 demon blade of Ancient Evil (weapon) {flame, rC+ Str+4 Dex+2}
   (You took it off a minotaur in a Gauntlet)

   It burns those it strikes, dealing additional fire damage.
   Big, fiery blades are also staple armaments of hydra-hunters.
   Str:       It affects your strength (+4).
   Dex:       It affects your dexterity (+2).
   rC:        It protects you from cold.
 N - a +5 antimagic triple sword
Missiles
 m - 4 throwing nets {=f}
Armour
 j - a +0 pair of gloves (worn)
 u - a +2 hat (worn)
 C - the +1 pair of boots of Moral Flaws {rCorr}
   (You found it on level 5 of the Lair of Beasts)

   rCorr:     It protects you from acid and corrosion.
 G - a +0 pair of boots of stealth (worn)
 M - a scarf of resistance (worn)
Jewellery
 c - a ring of protection from cold (left hand)
 v - a ring of see invisible
 y - the amulet of the Thoughtful Youths (around neck) {Faith Rampage rF++}
   (You acquired it on level 9 of the Dungeon)

   [amulet of faith]

   It allows you to gain divine favour quickly.
   rF:        It greatly protects you from fire.
   Rampage:   It bestows one free step when moving towards enemies.
 F - a ring of protection from fire
 O - the ring of Zin's Condemnation {rC+ Will- MP+9 AC+4}
   (You found it in a Gauntlet)

   [ring of protection]

   AC:        It affects your AC (+4).
   rC:        It protects you from cold.
   MP:        It affects your magic capacity (+9).
   Will:      It decreases your willpower.
 P - a ring of poison resistance
 T - a +4 ring of protection
 U - the ring of Johysyig {Will+ Str+4}
   (You found it on level 6 of the Lair of Beasts)

   [ring of willpower]

   Str:       It affects your strength (+4).
   Will:      It increases your willpower.
 V - an amulet of reflection
 W - a ring of willpower
 Y - the ring of Yhud Tut (right hand) {Contam rF+ rN++ Dex+8 Stlth-}
   (You acquired it on level 2 of the Orcish Mines)

   [ring of protection from fire]

   Dex:       It affects your dexterity (+8).
   rF:        It protects you from fire.
   rN:        It greatly protects you from negative energy.
   Contam:    It causes magical contamination when unequipped.
   Stlth:     It makes you less stealthy.
Wands
 n - a wand of paralysis (11)
 r - a wand of digging (2)
 z - a wand of mindburst (23)
 A - a wand of iceblast (12)
 D - a wand of charming (14)
 Z - a wand of flame (17)
Scrolls
 h - 6 scrolls of teleportation {@r2}
 i - a scroll of fog
 s - 9 scrolls of identify {@r1}
 t - 4 scrolls of enchant armour
 B - 2 scrolls of brand weapon
 I - a scroll of torment
 R - 5 scrolls of enchant weapon
 X - 3 scrolls of summoning
Potions
 d - a potion of ambrosia
 e - 3 potions of magic
 f - 3 potions of attraction
 g - 3 potions of invisibility
 k - 4 potions of cancellation
 l - 7 potions of curing {@q1}
 o - 3 potions of berserk rage {!q}
 p - 4 potions of resistance
 q - a potion of flight
 w - 8 potions of might
 E - 5 potions of mutation
 J - 6 potions of haste {@q3}
 L - 2 potions of heal wounds {@q2}
Miscellaneous
 x - a condenser vane (inert)
 H - a phantom mirror
 K - a phial of floods
 S - a lightning rod (4/4)

Dungeon Overview and Level Annotations

Branches:
Dungeon (15/15)            Temple (0/1) D:5            Lair (6/6) D:11
 Shoals (0/4) Lair:2       Spider (0/4) Lair:4        Slime (0/5) Lair:6
    Orc (2/2) D:11            Elf (0/3) Orc:2        Vaults (0/5) D:13
 Depths (0/4) D:15         Bailey (visited)           IceCv (1/1)
Gauntlet (visited)

Altars:
Ashenzari
Cheibriados
Elyvilon
Gozag
Hepliaklqana
Makhleb
Okawaru
Qazlal
Ru
Sif Muna
Wu Jian
Xom
Yredelemnul
Beogh

Shops:
Orc:2 [!((*

Annotations:
D:11 exclusion: hydra

#######
##...Z.##
##§§.Zu@.##
##.§§.ZZ§O.##
#...§§Z§§...#
#..§§§§.§...#
#....§§§....#
#.............#
#....8...8....#
#......!......#
##....([(....##


You could see a white very ugly thing (ally target), an anaconda simulacrum, an
eight-headed hydra simulacrum (ally target), a dire elephant simulacrum, a
golden dragon simulacrum, a friendly ogre (summoned, berserk) and a friendly
lindwurm simulacrum (summoned).


Message History

* * * LOW HITPOINT WARNING * * *
Unknown command.
Use which ability? (? or * to list)
Your ogre goes berserk!
The anaconda simulacrum bites you!
* * * LOW HITPOINT WARNING * * *
The anaconda simulacrum freezes you. You resist.
* * * LOW HITPOINT WARNING * * *
The anaconda simulacrum constricts you.
* * * LOW HITPOINT WARNING * * *
The anaconda simulacrum loses its grip on you.
The dire elephant simulacrum closely misses you.
The dire elephant simulacrum trunk-slaps you but does no damage.
Your lindwurm simulacrum bites the dire elephant simulacrum!
Your lindwurm simulacrum freezes the dire elephant simulacrum.
The dire elephant simulacrum completely resists.
Your lindwurm simulacrum claws the dire elephant simulacrum.
Your lindwurm simulacrum freezes the dire elephant simulacrum.
The dire elephant simulacrum completely resists.
Your lindwurm simulacrum claws the dire elephant simulacrum but does no damage.
The eight-headed hydra simulacrum misses you.
The eight-headed hydra simulacrum bites you.
* * * LOW HITPOINT WARNING * * *
The eight-headed hydra simulacrum freezes you.
You resist.
* * * LOW HITPOINT WARNING * * *
The eight-headed hydra simulacrum completely misses you.
The eight-headed hydra simulacrum misses you.
The eight-headed hydra simulacrum bites you.
You die...

Skill      XL: |  1  2  3  4  5  6  7  8  9 10 11 12 13 14 15 |
---------------+----------------------------------------------+-----
Long Blades    | 4 6 8 9 11 12 14 17 19 20 | 20.0
Evocations     | 5 8 10 12 | 12.2
Fighting       | 4 7 12 13 | 13.7
Dodging        | 5 8 9 10 12 16 | 16.3

Action                   |  1- 3 |  4- 6 |  7- 9 | 10-12 | 13-15 || total
-------------------------+-------+-------+-------+-------+-------++-------
Melee: Falchion          |   130 |    83 |   400 |   458 |       ||  1071
       Tailslap          |    13 |    15 |    60 |   111 |   229 ||   428
       Great sword       |       |       |       |   277 |   153 ||   430
       Demon blade       |       |       |       |       |   983 ||   983
Invok: Berserk           |     1 |     2 |     5 |    11 |     5 ||    24
       Trog's Hand       |     1 |     1 |       |     2 |     1 ||     5
       Brothers in Arms  |       |       |       |     1 |     8 ||     9
 Abil: Breathe Dispellin |       |       |       |       |     1 ||     1
Evoke: Wand              |       |       |     3 |    54 |    76 ||   133
       Phantom mirror    |       |       |       |       |     1 ||     1
       Lightning rod     |       |       |       |       |    11 ||    11
       Condenser vane    |       |       |       |       |     2 ||     2
  Use: Scroll            |       |     8 |     7 |    12 |    14 ||    41
       Potion            |       |     3 |       |     3 |     8 ||    14
 Stab: Sleeping          |       |       |     2 |     1 |     4 ||     7
       Paralysed         |       |       |     7 |    21 |     7 ||    35
       Distracted        |       |       |       |       |     5 ||     5
Armor: Skin              |    42 |    37 |   103 |   224 |   296 ||   702
Dodge: Dodged            |    88 |    76 |   169 |   459 |   837 ||  1629

Levels and vault maps discovered:
D:1:      ncdulo_watergridlock, layout_basic
D:2:      layout_basic, chequers_ecumenical_altar_lobes
D:3:      layout_basic, lemuel_round_altar, uniq_grinder, uniq_jessica,
          uniq_robin
D:4:      layout_cave_pods, elyvilon_altar_4, minitemple, minmay_starry_boxes,
          uniq_edmund
D:5:      layout_loops_cross, cheibrodos_worm_habitat,
          minmay_temple_entry_overgrown
D:6:      layout_basic, palyth_stone_intersect
D:7:      layout_loops_ring, grunt_qazlal_clouds, kennysheep_generic_room_4,
          uniq_menkaure, uniq_joseph
D:8:      layout_loops_ring, minmay_misc_feat_roman, uniq_harold
D:9:      layout_rooms, minivault_4, minivault_27,
          minmay_fractal_squares_gapless_7, uniq_gastronok
D:10:     layout_loops_ring, minmay_overflow_temple_hex, led_sif_book
D:11:     layout_basic, dpeg_oklobed_lair, david_orc_3
D:12:     layout_roguey, enter_bailey_5
D:13:     layout_basic, skrybe_vaults_entry_preservation
D:14:     minmay_the_grid_square_5x5_3x3 [minmay_the_grid_square_5x5_fat_x,
          minmay_the_grid_square_5x5_shrine2,
          minmay_the_grid_square_5x5_two_walls_b,
          minmay_the_grid_square_5x5_sharp_hourglass,
          minmay_the_grid_square_5x5_megaprize_open,
          minmay_the_grid_square_5x5_trominoes, minmay_the_grid_square_5x5_six,
          minmay_the_grid_square_5x5_bite, minmay_the_grid_square_5x5_moneybag],
          layout_small_grid, serial_shops, bzr_entry_lakeside,
          hangedman_decor_opposing
D:15:     hangedman_depths_entry_try_elsewhere_first, layout_stronghold,
          lemuel_doored_altar, portal_ice_cave_entry_ice_simulacra,
          due_unseen_surprise, uniq_josephine, uniq_nessos
Lair:1:   cheibrodos_lair_river_kwai, layout_regular_city
Lair:2:   layout_chaotic_city, minmay_shoals_entry_centaurs, basic_altar,
          beast_lair_carwin_3
Lair:3:   nzn_winding_woodlands_medium [nzn_winding_woodlands_5x5_open_star,
          nzn_winding_woodlands_5x15_river_crossing,
          nzn_winding_woodlands_5x5_three,
          nzn_winding_woodlands_5x5_checkerboard,
          nzn_winding_woodlands_center_pierced_h,
          nzn_winding_woodlands_5x5_default,
          nzn_winding_woodlands_5x5_closed_star,
          nzn_winding_woodlands_5x15_garden, nzn_winding_woodlands_5x5_cross],
          layout_cave_pods, serial_bayou_shore_b
Lair:4:   layout_roguey, dummy_spider_entry, uniq_urug
Lair:5:   layout_cave_pods, gauntlet_entry_generic
Lair:6:   evilmike_catoblepas_cave, layout_cave_pods,
          minmay_slime_entry_pillars, nicolae_quartered_pool_little,
          infiniplex_staircase_pool_2
Orc:1:    layout_diamond_mine, uniq_erica
Orc:2:    st_orc_mages, layout_diamond_mine, basic_altar, serial_shops, shop,
          lightli_orcish_oven
IceCv:    ice_cave_statue_garden_transporter

Notes
Turn   | Place    | Note
-------+----------+-------------------------------------------
     0 | D:1      | demibob the Draconian Berserker began the quest for the
                  | Orb.
     0 | D:1      | Reached XP level 1. HP: 19/19 MP: 1/1
   303 | D:1      | Reached XP level 2. HP: 26/26 MP: 2/2
   692 | D:2      | Reached skill level 4 in Long Blades
   914 | D:2      | Reached XP level 3. HP: 31/31 MP: 3/3
   994 | D:2      | Reached ** piety under Trog
  1093 | D:2      | Found a faded altar of an unknown god.
  1772 | D:3      | Noticed Robin
  1773 | D:3      | Noticed Grinder
  1773 | D:3      | Noticed Jessica
  1782 | D:3      | Killed Grinder
  1783 | D:3      | Reached skill level 6 in Long Blades
  1783 | D:3      | Reached XP level 4. HP: 38/38 MP: 4/4
  1783 | D:3      | Reached XP level 5. HP: 45/45 MP: 5/5
  1784 | D:3      | Killed Jessica
  1785 | D:3      | Reached XP level 6. HP: 51/51 MP: 6/6
  1798 | D:3      | HP: 5/51 [goblin[Robin] (1)]
  1800 | D:3      | HP: 2/51 [goblin[Robin] (1)]
  1814 | D:3      | HP: 3/51 [goblin[Robin] (3)]
  2115 | D:3      | Killed Robin
  2119 | D:3      | Reached skill level 7 in Long Blades
  2225 | D:3      | Found a sacrificial altar of Ru.
  2769 | D:4      | Found a white marble altar of Elyvilon.
  3188 | D:4      | Noticed Edmund
  3199 | D:4      | Killed Edmund
  3351 | D:4      | Reached skill level 8 in Long Blades
  3351 | D:4      | Your scales start taking on a rich purple colour.
  3351 | D:4      | Reached XP level 7. HP: 46/57 MP: 7/7
  3803 | D:4      | Found a shimmering altar of Xom.
  3803 | D:4      | Found an iron altar of Okawaru.
  3988 | D:5      | Entered Level 5 of the Dungeon
  4023 | D:5      | Reached skill level 9 in Long Blades
  4301 | D:5      | Reached *** piety under Trog
  4308 | D:5      | Reached XP level 8. HP: 54/63 MP: 8/8
  4315 | D:5      | Found a staircase to the Ecumenical Temple.
  4326 | D:5      | Reached skill level 10 in Long Blades
  4889 | D:5      | Found a snail-covered altar of Cheibriados.
  5195 | D:6      | Reached skill level 1 in Evocations
  5401 | D:6      | Reached skill level 2 in Evocations
  5435 | D:6      | Reached skill level 3 in Evocations
  5730 | D:6      | Reached skill level 11 in Long Blades
  6066 | D:6      | Reached skill level 4 in Evocations
  6566 | D:7      | Found a stormy altar of Qazlal.
  6584 | D:7      | Noticed Joseph
  6600 | D:7      | Killed Joseph
  6601 | D:7      | Reached skill level 5 in Evocations
  6601 | D:7      | Reached XP level 9. HP: 22/70 MP: 9/9
  6951 | D:7      | Noticed Menkaure
  6961 | D:7      | Reached **** piety under Trog
  6965 | D:7      | Killed Menkaure
  7378 | D:7      | Reached skill level 6 in Evocations
  7685 | D:8      | Reached skill level 12 in Long Blades
  8362 | D:8      | Reached skill level 7 in Evocations
  9037 | D:8      | Noticed Harold
  9050 | D:8      | Killed Harold
  9051 | D:8      | Reached skill level 8 in Evocations
  9051 | D:8      | Reached XP level 10. HP: 77/77 MP: 10/10
  9966 | D:9      | Noticed a two-headed ogre
  9978 | D:9      | Killed a two-headed ogre
  9979 | D:9      | Reached skill level 13 in Long Blades
 10020 | D:9      | Noticed Gastronok
 10417 | D:9      | Killed Gastronok
 10418 | D:9      | Reached skill level 4 in Fighting
 10418 | D:9      | Reached skill level 3 in Dodging
 10425 | D:9      | Identified a scroll of acquirement
 10425 | D:9      | Acquired a manual of Long Blades
 10815 | D:9      | Reached skill level 4 in Dodging
 11322 | D:9      | Reached skill level 14 in Long Blades
 11399 | D:9      | Acquired the amulet of the Thoughtful Youths {Faith Rampage
                  | rF++}
 11518 | D:10     | Entered Level 10 of the Dungeon
 11534 | D:10     | Found an ornate altar of the Wu Jian Council.
 11534 | D:10     | Found a burning altar of Makhleb.
 11534 | D:10     | Found a broken altar of Ashenzari.
 11534 | D:10     | Found an opulent altar of Gozag.
 11541 | D:10     | Found a basalt altar of Yredelemnul.
 11541 | D:10     | Found a hazy altar of Hepliaklqana.
 11546 | D:10     | Identified 2 potions of resistance
 11838 | D:10     | Noticed a two-headed ogre
 11843 | D:10     | Killed a two-headed ogre
 11844 | D:10     | Reached skill level 5 in Dodging
 11844 | D:10     | Reached XP level 11. HP: 85/85 MP: 11/11
 11862 | D:10     | Found a shimmering blue altar of Sif Muna.
 11931 | D:10     | Reached ***** piety under Trog
 12414 | D:10     | Received a gift from Trog
 12444 | D:10     | Reached skill level 15 in Long Blades
 12454 | D:10     | Reached skill level 6 in Dodging
 12801 | D:11     | Noticed a five-headed hydra
 12811 | D:11     | Noticed a two-headed ogre
 12817 | D:11     | Killed a two-headed ogre
 13572 | D:11     | Found a staircase to the Lair.
 13641 | Lair:1   | Entered Level 1 of the Lair of Beasts
 13711 | Lair:1   | Noticed a four-headed hydra
 13719 | Lair:1   | Killed a four-headed hydra
 13720 | Lair:1   | Reached skill level 7 in Dodging
 13737 | Lair:1   | Reached skill level 16 in Long Blades
 14353 | D:11     | Found a staircase to the Orcish Mines.
 15053 | Lair:1   | Reached skill level 8 in Dodging
 15151 | Lair:1   | Reached skill level 17 in Long Blades
 15821 | Lair:1   | Noticed a five-headed hydra
 15827 | Lair:1   | Killed a five-headed hydra
 15828 | Lair:1   | Reached XP level 12. HP: 44/92 MP: 4/12
 16609 | Lair:2   | Reached skill level 9 in Dodging
 17000 | Lair:2   | Reached skill level 18 in Long Blades
 17235 | Lair:2   | Found a hazy altar of Hepliaklqana.
 17483 | Lair:2   | Noticed a five-headed hydra
 17493 | Lair:2   | Killed a seven-headed hydra
 18166 | Lair:2   | Found a staircase to the Shoals.
 18194 | Lair:2   | Reached skill level 5 in Fighting
 19012 | Lair:3   | Reached skill level 6 in Fighting
 19199 | Lair:3   | Noticed a seven-headed hydra
 19210 | Lair:3   | Killed a seven-headed hydra
 19211 | Lair:3   | Reached skill level 7 in Fighting
 19211 | Lair:3   | Reached skill level 19 in Long Blades
 19546 | Lair:3   | Reached XP level 13. HP: 90/105 MP: 4/13
 19933 | Lair:3   | Reached skill level 8 in Fighting
 20799 | Lair:4   | Noticed Urug
 20822 | Lair:4   | Killed Urug
 21009 | Lair:4   | Reached skill level 9 in Fighting
 21369 | Lair:4   | Received a gift from Trog
 21636 | Lair:4   | Found a hole to the Spider Nest.
 21923 | Lair:5   | Found a gate leading to a gauntlet.
 21932 | Gauntlet | Entered a Gauntlet
 21932 | Gauntlet | Found a transporter.
 21978 | Gauntlet | Found a large runed translucent door.
 21979 | Gauntlet | Found a large runed translucent door.
 21980 | Gauntlet | Found a large runed translucent door.
 21980 | Gauntlet | Found a large runed translucent door.
 21980 | Gauntlet | Found a runed translucent door.
 21981 | Gauntlet | Found a large runed translucent door.
 21982 | Gauntlet | Found a large runed translucent door.
 21983 | Gauntlet | Found a large runed translucent door.
 21983 | Gauntlet | Found a large runed translucent door.
 21984 | Gauntlet | Found a runed translucent gate.
 21984 | Gauntlet | Found a runed translucent gate.
 21986 | Gauntlet | Found a transporter.
 21994 | Gauntlet | Found a runed translucent gate.
 21994 | Gauntlet | Found a runed translucent door.
 21994 | Gauntlet | Found the ring of the Mage {Wiz Will++ Int+3}
 21995 | Gauntlet | Found a large runed translucent door.
 21995 | Gauntlet | Found a large runed translucent door.
 21996 | Gauntlet | Found a large runed translucent door.
 21997 | Gauntlet | Found a large runed translucent door.
 22001 | Gauntlet | Found a transporter.
 22006 | Gauntlet | Found a transporter.
 22025 | Gauntlet | Found a transporter.
 22040 | Gauntlet | Found a transporter.
 22052 | Gauntlet | Found a transporter.
 22060 | Gauntlet | Found a transporter.
 22060 | Gauntlet | Found a transporter.
 22077 | Gauntlet | Found a transporter.
 22083 | Gauntlet | Found a transporter.
 22098 | Gauntlet | Found a transporter.
 22110 | Gauntlet | Found a transporter.
 22116 | Gauntlet | Found a transporter.
 22136 | Gauntlet | Found a transporter.
 22156 | Gauntlet | Found a transporter.
 22183 | Gauntlet | Found a transporter.
 22183 | Gauntlet | Found a transporter.
 22203 | Gauntlet | Found a large runed translucent door.
 22203 | Gauntlet | Found a large runed translucent door.
 22249 | Gauntlet | Found a large runed translucent door.
 22249 | Gauntlet | Found a large runed translucent door.
 22332 | Gauntlet | Reached skill level 10 in Fighting
 22522 | Gauntlet | Identified a scarf of resistance
 22649 | Gauntlet | Identified the ring of Zin's Condemnation {rC+ Will- MP+9
                  | AC+4}
 22661 | Gauntlet | Identified the +8 demon blade of Ancient Evil {flame, rC+
                  | Str+4 Dex+2}
 22661 | Gauntlet | Noticed a minotaur
 22669 | Gauntlet | Killed a minotaur
 22702 | Gauntlet | Identified the +10 quarterstaff "Qifoilam" {vorpal, Str+6}
 22928 | Lair:5   | Reached skill level 20 in Long Blades
 23333 | Lair:5   | Reached skill level 11 in Fighting
 23339 | Lair:5   | Identified the +1 pair of boots of Moral Flaws {rCorr}
 24148 | Lair:6   | Entered Level 6 of the Lair of Beasts
 24721 | Lair:6   | Reached skill level 12 in Fighting
 24721 | Lair:6   | Reached skill level 10 in Dodging
 24724 | Lair:6   | Reached XP level 14. HP: 126/126 MP: 14/14
 24948 | Lair:6   | Found a staircase to the Slime Pits.
 25089 | Lair:6   | Received a gift from Trog
 25348 | Lair:6   | Identified the ring of Johysyig {Will+ Str+4}
 26020 | Lair:6   | Reached skill level 13 in Fighting
 26121 | Lair:6   | Reached skill level 11 in Dodging
 26764 | D:12     | Found a flagged portal.
 26788 | Bailey   | Entered a bailey
 26974 | Bailey   | Received a gift from Trog
 27791 | D:12     | Reached skill level 9 in Evocations
 28368 | D:13     | Reached skill level 12 in Dodging
 28571 | D:13     | Found a gate to the Vaults.
 28571 | D:13     | Noticed an ironbound preserver
 28583 | D:13     | Killed an ironbound preserver
 28584 | D:13     | Reached skill level 10 in Evocations
 28587 | D:13     | HP: 10/130 [efreet (14)]
 29112 | D:13     | Received a gift from Trog
 29210 | D:13     | Reached XP level 15. HP: 103/137 MP: 15/15
 29693 | Orc:1    | Entered Level 1 of the Orcish Mines
 29776 | Orc:2    | Entered Level 2 of the Orcish Mines
 29825 | Orc:2    | Found Jontap's General Store.
 30188 | Orc:1    | Reached ****** piety under Trog
 30189 | Orc:1    | Reached skill level 11 in Evocations
 30193 | Orc:1    | Noticed Erica
 30204 | Orc:1    | Killed Erica
 30430 | Orc:2    | Found a staircase to the Elven Halls.
 30488 | Orc:2    | Received a gift from Trog
 30851 | Orc:2    | Acquired 1272 gold pieces
 31014 | Orc:2    | Reached skill level 13 in Dodging
 31073 | Orc:2    | Received a gift from Trog
 31182 | Orc:2    | Found Usiffyx's Distillery.
 31182 | Orc:2    | Found Efitefi's Weapon Shop.
 31183 | Orc:2    | Found Ucosauxzag's Weapon Shop.
 31188 | Orc:2    | Found Kouqeo's Antique Armour Boutique.
 31349 | Orc:2    | Bought a potion of heal wounds for 55 gold pieces
 31349 | Orc:2    | Bought a potion of resistance for 110 gold pieces
 31349 | Orc:2    | Bought a potion of might for 44 gold pieces
 31349 | Orc:2    | Bought a potion of curing for 33 gold pieces
 31349 | Orc:2    | Bought a potion of cancellation for 88 gold pieces
 31818 | Orc:2    | Bought a scroll of acquirement for 624 gold pieces
 31818 | Orc:2    | Bought a wand of mindburst (6) for 120 gold pieces
 31818 | Orc:2    | Bought a condenser vane for 480 gold pieces
 31818 | Orc:2    | Acquired the ring of Yhud Tut {Contam rF+ rN++ Dex+8
                  | Stlth-}
 31964 | D:14     | Found a flickering gateway to a bazaar.
 32009 | Bazaar   | Entered a bazaar
 32029 | Bazaar   | Found Uvvon's Jewellery Emporium.
 32045 | Bazaar   | Found Cisch's Assorted Antiques.
 32045 | Bazaar   | Found Aduunepn's General Store.
 32080 | Bazaar   | Found Unaymyr's Book Shoppe.
 32085 | Bazaar   | Bought a manual of Dodging for 1040 gold pieces
 32252 | D:14     | Reached skill level 12 in Evocations
 32678 | D:14     | Found the +3 hat of Pondering {ponderous, Will+ MP+10
                  | Int+5}
 32711 | D:14     | Reached skill level 14 in Dodging
 33557 | D:14     | Received a gift from Trog
 33558 | D:14     | Reached skill level 15 in Dodging
 34320 | D:15     | Entered Level 15 of the Dungeon
 34435 | D:15     | Reached skill level 16 in Dodging
 34449 | D:15     | Found a frozen archway.
 34492 | IceCv    | Entered an ice cave
 34506 | IceCv    | HP: 12/137 [constriction (2)]
 34506 | IceCv    | HP: 1/137 [eight-headed hydra simulacrum (6)]
 34506 | IceCv    | Slain by an eight-headed hydra simulacrum

Vanquished Creatures
  Gastronok (D:9)
  An ettin (Orc:2)
  Harold (D:8)
  7 catoblepae
  7 hydras
  6 boulder beetles
  6 centaur warriors
  A death knight (D:13)
  Erica (Orc:1)
  A tengu warrior (D:14)
  A death scarab (Gauntlet)
  3 orc high priests
  4 two-headed ogres
  6 death yaks (Lair:6)
  Urug (Lair:4)
  3 skeletal warriors
  A deep elf archer (D:14)
  A spectral hydra (Gauntlet)
  4 orc knights
  2 deep elf pyromancers (D:14)
  7 orc sorcerers
  5 ugly things
  7 cyclopes
  8 manticores
  17 elephants
  5 black mambas
  A gargoyle (D:12)
  A torpor snail (Lair:5)
  16 cane toads
  Joseph (D:7)
  A kobold demonologist (D:12)
  An efreet (D:13)
  5 rime drakes
  10 komodo dragons
  2 unseen horrors
  2 freezing wraiths (D:13)
  An entropy weaver simulacrum (D:15)
  A tengu conjurer (D:13)
  4 polar bears
  26 blink frogs
  4 trolls
  A wind drake (shapeshifter) (D:13)
  A hornet (Lair:2)
  Grinder (D:3)
  12 slime creatures
  A dream sheep (Lair:3)
  A dream sheep (shapeshifter) (D:14)
  A centaur simulacrum (D:14)
  3 vampires
  3 wraiths
  A dire elephant simulacrum (D:15)
  A shadow (D:11)
  30 yaks
  2 spriggan simulacra (D:15)
  4 wyverns
  3 basilisks
  A steam dragon (D:6)
  7 vampire mosquitoes
  A warg (Orc:2)
  2 acid dragons
  Edmund (D:4)
  Menkaure (D:7)
  A harpy simulacrum (D:15)
  17 water moccasins
  An ice beast (D:5)
  2 black bears
  2 hornet zombies (D:9)
  31 orc warriors
  A necrophage (D:5)
  A sky beast (D:8)
  7 ogres
  An alligator simulacrum (D:15)
  30 centaurs
  10 wolves
  A boggart (D:9)
  A phantom (D:5)
  A kobold brigand (D:8)
  15 bullfrogs
  A gnoll sergeant (D:12)
  3 scorpions
  A wyvern zombie (D:9)
  A wyvern skeleton (D:7)
  A water moccasin zombie (D:5)
  12 killer bees
  2 lindwurm simulacra (D:15)
  3 wights (D:8)
  9 howler monkeys
  A bullfrog zombie (D:5)
  7 electric eels
  2 centaur zombies
  2 hounds
  2 bullfrog skeletons (D:6)
  4 jellies
  23 orc priests
  A gnoll shaman (D:4)
  Jessica (D:3)
  2 iguanas
  45 orc wizards
  4 killer bee zombies
  Robin (D:3)
  A howler monkey skeleton (D:5)
  11 gnolls
  6 adders
  A shadow imp (D:7)
  3 adder skeletons
  2 worms
  2 dart slugs
  114 orcs
  4 bats
  9 endoplasms
  A giant cockroach (D:2)
  18 goblins
  9 hobgoblins
  7 jackals (D:2)
  2 quokkas (D:5)
  4 ball pythons
  A frilled lizard (D:2)
  9 kobolds
  5 rats
720 creatures vanquished.

Vanquished Creatures (collateral kills)
  An ironbound preserver (D:13)
  A minotaur (Gauntlet)
  2 hydras (Lair:3)
  A centaur warrior (D:13)
  A caustic shrike simulacrum (IceCv)
  3 skeletal warriors (D:13)
  An orc knight (Bailey)
  An efreet (D:13)
  A harpy simulacrum (IceCv)
  A hydra simulacrum (IceCv)
  2 orc warriors (Bailey)
  A centaur (D:13)
  A gnoll sergeant (D:13)
  A lindwurm simulacrum (IceCv)
  2 orcs (Bailey)
20 creatures vanquished.

Vanquished Creatures (others)
  2 orcs (D:11)
  30 fungi
  58 plants
  18 withered plants (Gauntlet)
108 creatures vanquished.

Grand Total: 848 creatures vanquished

Table legend: (Time is in decaauts)
 A = Elapsed time spent in this place.
 B = Non-inter-level travel time spent in this place.
 C = Inter-level travel time spent in this place.
 D = Time resting spent in this place.
 E = Time spent auto-exploring this place.
 F = Levels seen in this place.
 G = Mean time per level.
                   A        B        C        D        E       F      G
               +--------+--------+--------+--------+--------+-----+--------+
         Total |  34114 |  33081 |   1033 |   9472 |  18672 |  27 | 1263.5 |
       Dungeon |  19132 |  18432 |    700 |   5051 |  10777 |  15 | 1275.5 |
          Lair |  11336 |  11065 |    271 |   3094 |   6673 |   6 | 1889.3 |
  Orcish Mines |   2041 |   1980 |     61 |    588 |    842 |   2 | 1020.5 |
        Bazaar |    195 |    195 |      0 |      0 |     87 |   1 |  195.0 |
        Bailey |    519 |    519 |      0 |    294 |     67 |   1 |  519.0 |
      Ice Cave |     13 |     13 |      0 |      0 |      0 |   1 |   13.0 |
      Gauntlet |    876 |    876 |      0 |    443 |    226 |   1 |  876.0 |
               +--------+--------+--------+--------+--------+-----+--------+

Top non-repeatable levels by time:
  Lair:1: 2443 daAuts
  Lair:6: 2364 daAuts
    D:13: 2362 daAuts
  Lair:3: 2183 daAuts
     D:9: 1895 daAuts
  Lair:2: 1870 daAuts
     D:8: 1770 daAuts
    D:14: 1692 daAuts
    D:11: 1622 daAuts
   Orc:2: 1592 daAuts
  Lair:5: 1408 daAuts
     D:7: 1398 daAuts
     D:2: 1393 daAuts
     D:6: 1328 daAuts
     D:4: 1285 daAuts

Table legend:
 A = Non-vault XP
 B = Vault XP
 C = Vault XP percentage of total XP
 D = Non-vault monster count
 E = Vault monster count
 F = Vault count percentage of total count
                 A         B        C        D         E       F
            +---------+---------+-------+---------+---------+-------
      Total |   89139 |   56131 |  38.6 |     507 |     233 |  31.5
            +---------+---------+-------+---------+---------+-------
        D:1 |      25 |       0 |   0.0 |      14 |       0 |   0.0
        D:2 |      64 |       4 |   5.9 |      27 |       2 |   6.9
        D:3 |      13 |     337 |  96.3 |       6 |      12 |  66.7
        D:4 |     368 |     162 |  30.6 |      18 |       3 |  14.3
        D:5 |     804 |       5 |   0.6 |      23 |       1 |   4.2
        D:6 |     799 |       0 |   0.0 |      19 |       0 |   0.0
        D:7 |     621 |     682 |  52.3 |      17 |       3 |  15.0
        D:8 |    1188 |     868 |  42.2 |      28 |       1 |   3.4
        D:9 |    2029 |    2091 |  50.8 |      18 |       6 |  25.0
       D:10 |    3489 |      72 |   2.0 |      19 |       2 |   9.5
       D:11 |    2660 |     269 |   9.2 |      17 |       4 |  19.0
       D:12 |    3308 |       7 |   0.2 |      21 |       4 |  16.0
       D:13 |   12959 |    4361 |  25.2 |      40 |       9 |  18.4
       D:14 |   10111 |   10826 |  51.7 |      26 |      17 |  39.5
       D:15 |    2169 |    1366 |  38.6 |       5 |       8 |  61.5
     Lair:1 |    4272 |    3035 |  41.5 |      16 |       9 |  36.0
     Lair:2 |    5080 |    2065 |  28.9 |      22 |       9 |  29.0
     Lair:3 |    8671 |    5607 |  39.3 |      27 |      13 |  32.5
     Lair:4 |    3753 |     796 |  17.5 |      12 |       1 |   7.7
     Lair:5 |    7867 |       0 |   0.0 |      26 |       0 |   0.0
     Lair:6 |    9637 |   11494 |  54.4 |      29 |      27 |  48.2
      Orc:1 |    2198 |     826 |  27.3 |      17 |       1 |   5.6
      Orc:2 |    6789 |    5024 |  42.5 |      59 |      53 |  47.3
     Bailey |       0 |    2469 | 100.0 |       0 |      40 | 100.0
      IceCv |       0 |    1205 | 100.0 |       0 |       4 | 100.0
   Gauntlet |     265 |    2560 |  90.6 |       1 |       4 |  80.0
            +---------+---------+-------+---------+---------+-------
